 Dungeon Crawl Stone Soup version 0.21.1-1-g345015fe64 (webtiles) character file.

5390 P0ring the Basher (level 10, -13/93 HPs)
             Began as a Minotaur Berserker on Apr 18, 2018.
             Was a High Priest of Trog.
             Mangled by a yak (14 damage)
             ... on level 9 of the Dungeon.
             The game lasted 00:25:19 (8736 turns).

P0ring the Basher (Minotaur Berserker)              Turns: 8736, Time: 00:25:19

Health: -13/93     AC:  8    Str: 25    XL:     10   Next: 39%
Magic:  9/9        EV: 15    Int:  4    God:    Trog [*****.]
Gold:   196        SH:  0    Dex: 10    Spells: 9/9 levels left

rFire    . . .     SeeInvis .   R - +3 dire flail (venom)
rCold    . . .     Gourm    .   (shield currently unavailable)
rNeg     + . .     Faith    +   L - +3 leather armour
rPois    .         Spirit   .   (helmet restricted)
rElec    .         Reflect  .   J - scarf {cloud immunity}
rCorr    .         Harm     .   (no gloves)
MR       .....                  V - +0 pair of boots {Stlth+}
Stlth    ++........             y - amulet of faith
HPRegen  0.25/turn              h - ring of positive energy
MPRegen  0.11/turn              (no ring)

@: no status effects
A: retaliatory headbutt, horns 2
a: Berserk, Trog's Hand, Brothers in Arms, Burn Spellbooks, Renounce Religion


You were on level 9 of the Dungeon.
You worshipped Trog.
Trog was extremely pleased with you.
You were not hungry.

You visited 1 branch of the dungeon, and saw 9 of its levels.

You collected 554 gold pieces.
You spent 358 gold pieces at shops.

Inventory:

Hand Weapons
 a - a +1 mace
 l - a +0 mace
 B - a cursed -2 flail
 R - a +3 dire flail of venom (weapon)
Missiles
 M - 2 needles of confusion
Armour
 b - a +0 animal skin
 k - a +0 chain mail
 n - a +0 pair of boots
 r - a +0 ring mail
 H - a +0 plate armour
 J - a scarf of cloud immunity (worn)
 L - a +3 leather armour (worn)
 N - a +0 buckler
 V - a +0 pair of boots of stealth (worn)
Jewellery
 h - a ring of positive energy (left hand)
 y - an amulet of faith (around neck)
 z - an uncursed ring of wizardry {unknown}
 P - a +5 ring of evasion {unknown}
 T - an uncursed ring of resist corrosion {unknown}
Wands
 j - a wand of acid (14)
 t - a wand of enslavement (13)
 w - a wand of random effects (35)
 E - a wand of iceblast (6)
 F - a wand of clouds (6)
 I - a wand of flame (49)
Scrolls
 d - 3 scrolls of remove curse
 g - 6 scrolls of teleportation
 i - 2 scrolls of fear
 v - a scroll of blinking
 A - 2 scrolls of summoning
 C - a scroll of immolation {unknown}
 G - a scroll of noise {unknown}
 O - a scroll of fog
 S - a scroll of enchant armour {unknown}
Potions
 e - 3 potions of berserk rage
 f - 2 potions of lignification
 m - 4 potions of haste
 o - 2 potions of flight
 p - 2 potions of ambrosia
 q - 2 potions of mutation
 s - a potion of cancellation
 u - 2 potions of degeneration
 x - 2 potions of curing {unknown}
 D - a potion of heal wounds
 Q - a potion of brilliance {unknown}
 U - a potion of invisibility {unknown}
Comestibles
 c - 9 rations


   Skills:
 + Level 9.9 Fighting
 + Level 10.9 Maces & Flails
 + Level 9.3 Armour
 + Level 8.0 Dodging
 - Level 0.3 Stealth


You had 9 spell levels left.
You didn't know any spells.

Dungeon Overview and Level Annotations

Branches:
Dungeon (9/15)             Temple (0/1) D:7
   Lair: D:8-11         Orc: D:9-12

Altars:
Ashenzari
Cheibriados
Dithmenos
Elyvilon
Hepliaklqana
Makhleb
Ru
Trog
Uskayaw
Xom

Shops:
D:6 *   D:8 *


Innate Abilities, Weirdness & Mutations

You reflexively headbutt those who attack you in melee.
You have a pair of horns on your head.


Message History

You puncture the necrophage!
You destroy the necrophage!
Trog accepts your kill. The yak barely misses you.
You puncture the yak!
The yak looks as sick as possible!
Your headbutt misses the yak.
The yak is moderately wounded.
The yak barely misses you. You furiously retaliate!
You headbutt the yak! The yak gores you!
* * * LOW HITPOINT WARNING * * *
You hit the yak.
The yak looks as sick as possible!
Your headbutt misses the yak.
The yak is moderately wounded.
The yak barely misses you.
You puncture the yak!
The yak looks as sick as possible!
The yak is severely wounded.
The yak gores you!
* * * LOW HITPOINT WARNING * * *
The yak gores you!
You die...

...# ...# ####
...# ..... ...#
...#.###...####
.#.............
.......†Y......
#.....@Y......
.###.##....#)##
..... #....# #
...##....#
###.###.##Y...# #
....#.........#.#
#.......!......#
#...........######
#.##.............


You could see 2 yaks and a sky beast.

Vanquished Creatures
  The ghost of asdpro the Chopper, a novice HOAK of Lugonu (D:4)
  The ghost of Ivernyr the Shield-Bearer, a novice HuFi of Ru (D:3)
  9 yaks (D:9)
  A black bear (D:6)
  An ice beast (D:5)
  2 orc warriors
  4 sky beasts
  A necrophage (D:9)
  4 ogres
  A centaur (D:8)
  4 bullfrogs
  A gnoll sergeant (D:7)
  3 scorpions
  A howler monkey (D:9)
  A bullfrog zombie (D:6)
  2 crimson imps
  2 quasits (D:9)
  3 hounds
  A centaur zombie (D:6)
  3 orc priests
  2 bullfrog skeletons
  7 jellies
  10 orc wizards
  Terence (D:3)
  7 iguanas
  9 worker ants
  A hound zombie (D:8)
  A hound skeleton (D:8)
  10 adders
  6 gnolls
  2 howler monkey skeletons
  2 oozes
  2 adder skeletons (D:8)
  2 adder zombies
  4 worms
  4 dart slugs
  A leopard gecko (D:5)
  30 orcs
  6 giant cockroaches
  9 goblins
  12 hobgoblins
  10 jackals
  4 quokkas
  2 ball pythons
  8 bats
  8 frilled lizards
  10 kobolds
  A quokka skeleton (D:8)
  5 rats (D:1)
  2 butterflies (D:5)
224 creatures vanquished.

Vanquished Creatures (others)
  An orc warrior (D:7)
  An orc wizard (D:5)
  A plant (D:9)
3 creatures vanquished.

Grand Total: 227 creatures vanquished

Notes
Turn   | Place    | Note
-------+----------+-------------------------------------------
     0 | D:1      | P0ring the Minotaur Berserker began the quest for the Orb.
     0 | D:1      | Reached XP level 1. HP: 19/19 MP: 0/0
    87 | D:1      | Reached XP level 2. HP: 20/27 MP: 1/1
   204 | D:1      | Reached skill level 4 in Maces & Flails
   360 | D:1      | Reached ** piety under Trog
   446 | D:1      | Reached XP level 3. HP: 30/33 MP: 2/2
   886 | D:2      | Found a bloodstained altar of Trog.
   907 | D:2      | Reached XP level 4. HP: 41/41 MP: 3/3
   941 | D:2      | Reached skill level 5 in Maces & Flails
  1360 | D:3      | Noticed Terence
  1370 | D:3      | Killed Terence
  1370 | D:3      | Reached skill level 5 in Fighting
  1382 | D:3      | Found a shadowy altar of Dithmenos.
  1411 | D:3      | Reached *** piety under Trog
  1437 | D:3      | Reached XP level 5. HP: 48/48 MP: 4/4
  1465 | D:3      | Found a hazy altar of Hepliaklqana.
  1558 | D:3      | Noticed Ivernyr's ghost (novice HuFi)
  1572 | D:3      | Killed Ivernyr's ghost
  1572 | D:3      | Reached skill level 7 in Maces & Flails
  1572 | D:3      | Reached XP level 6. HP: 56/56 MP: 5/5
  1603 | D:3      | Noticed a hippogriff
  1694 | D:3      | Received a gift from Trog
  1747 | D:3      | Found a burning altar of Makhleb.
  1815 | D:3      | Found a shattered altar of Ashenzari.
  1973 | D:3      | Found a faded altar of an unknown god.
  2188 | D:4      | Found a snail-covered altar of Cheibriados.
  2345 | D:4      | Noticed asdpro's ghost (novice HOAK)
  2368 | D:4      | Killed asdpro's ghost
  2368 | D:4      | Reached skill level 5 in Armour
  2368 | D:4      | Reached XP level 7. HP: 30/63 MP: 6/6
  2753 | D:4      | Reached skill level 8 in Maces & Flails
  3332 | D:5      | Entered Level 5 of the Dungeon
  3339 | D:4      | Reached XP level 8. HP: 62/71 MP: 7/7
  3861 | D:5      | Found a shimmering altar of Xom.
  3890 | D:5      | Found a sacrificial altar of Ru.
  3955 | D:5      | Reached skill level 5 in Dodging
  4501 | D:6      | Reached skill level 9 in Maces & Flails
  4677 | D:6      | Reached **** piety under Trog
  4736 | D:6      | Reached XP level 9. HP: 74/81 MP: 8/8
  4805 | D:6      | Found Saumupri's Assorted Antiques.
  4810 | D:6      | Bought 2 scrolls labeled XUAPSEXK PITA for 62 gold pieces
  4810 | D:6      | Bought a scroll labeled XUAPSEXK PITA for 31 gold pieces
  4810 | D:6      | Bought a scroll of identify for 62 gold pieces
  4810 | D:6      | Bought a glowing ruby potion for 27 gold pieces
  5067 | D:6      | Found a hide-covered altar of Uskayaw.
  5891 | D:7      | Identified the Compendium of Congealing Displacement
  6399 | D:7      | Found a staircase to the Ecumenical Temple.
  7221 | D:7      | Found a white marble altar of Elyvilon.
  7454 | D:8      | Reached ***** piety under Trog
  7477 | D:8      | Reached skill level 10 in Maces & Flails
  8017 | D:8      | Received a gift from Trog
  8135 | D:8      | Found Serrypn's Assorted Antiques.
  8138 | D:8      | Bought a green potion for 17 gold pieces
  8138 | D:8      | Bought a fuming pink potion for 17 gold pieces
  8138 | D:8      | Bought a pair of embroidered boots for 142 gold pieces
  8319 | D:9      | Reached XP level 10. HP: 43/91 MP: 9/9
  8736 | D:9      | HP: 1/93 [yak (13)]
  8736 | D:9      | Mangled by a yak

Skill      XL: |  1  2  3  4  5  6  7  8  9 10 |
---------------+-------------------------------+-----
Fighting       | 4 5 6 7 9 |  9.9
Maces & Flails | 4 5 7 8 9 10 | 10.9
Armour         | 3 5 6 8 9 |  9.3
Dodging        | 3 4 5 7 8 |  8.0
Stealth        | |  0.3

Action                   |  1- 3 |  4- 6 |  7- 9 | 10-12 || total
-------------------------+-------+-------+-------+-------++-------
Melee: Mace              |    76 |   109 |   358 |       ||   543
       Headbutt          |     9 |    17 |    79 |    12 ||   117
       Dire flail        |       |       |    17 |    65 ||    82
Invok: Berserk           |       |     1 |     2 |       ||     3
       Burn Spellbooks   |       |       |     2 |       ||     2
Evoke: Wand              |       |       |     5 |       ||     5
  Use: Scroll            |     3 |     1 |    12 |       ||    16
       Potion            |       |       |     4 |       ||     4
 Stab: Distracted        |       |       |     1 |       ||     1
       Sleeping          |       |       |     1 |       ||     1
  Eat: Chunk             |       |     2 |     9 |       ||    11
       Ration            |       |     1 |     3 |     1 ||     5
Armor: Animal skin       |    17 |       |       |       ||    17
       Chain mail        |    23 |    37 |       |       ||    60
       Ring mail         |       |     3 |    78 |       ||    81
       Leather armour    |       |       |    19 |    21 ||    40
       Plate armour      |       |       |     2 |       ||     2
Dodge: Dodged            |    50 |    46 |   244 |    57 ||   397
Block: Buckler           |       |       |     6 |       ||     6
